 Dungeon Crawl Stone Soup version 0.28.0-53-g5a82cb258f (webtiles) character file.

Game seed: 12705244594404979560

98 gobodom the Chopper (level 4, 0/33 HPs)
             Began as a Demonspawn Gladiator on June 7, 2022.
             Slain by an iguana (10 damage)
             ... on level 7 of the Dungeon.
             The game lasted 00:14:12 (3085 turns).

gobodom the Chopper (Demonspawn Gladiator)          Turns: 3085, Time: 00:14:13

Health: 0/33       AC:  4    Str: 16    XL:     4   Next: 44%
Magic:  1/4        EV: 16    Int:  9    God:
Gold:   140        SH:  0    Dex: 15    Spells: 2/3 levels left

rFire   . . .      SeeInvis .   k - +3 hand axe (drain)
rCold   . . .      Faith    .   (no shield)
rNeg    . . .      Spirit   .   b - +0 leather armour
rPois   .          Reflect  .   (helmet restricted)
rElec   .          Harm     .   g - +0 cloak
rCorr   .          Rampage  .   (no gloves)
Will    .....                   (no boots)
Stlth   +.........              (no amulet)
HPRegen 0.11/turn               l - +4 ring of evasion
MPRegen 0.09/turn               (no ring)

@: very slightly contaminated
A: horns 1, spiny 1, demonic touch 1
a: no special abilities


You were on level 7 of the Dungeon.
You visited 1 branch of the dungeon, and saw 5 of its levels.

You collected 140 gold pieces.

Inventory:

Hand Weapons
 a - a +0 war axe
 h - a +0 lajatang
 i - a +1 short sword of draining
 j - a +1 hunting sling of flaming
 k - a +3 hand axe of draining (weapon)
Missiles
 d - 3 throwing nets (quivered)
 e - 103 stones
Armour
 b - a +0 leather armour (worn)
 g - a +0 cloak (worn)
Jewellery
 l - a +4 ring of evasion (left hand)
Scrolls
 f - a scroll of fog
Potions
 c - a potion of curing


   Skills:
 + Level 2.2 Fighting
 + Level 4.0 Axes
 + Level 1.9 Throwing
 + Level 0.8 Armour
 + Level 3.3 Dodging
 + Level 0.2 Stealth


You had 2 spell levels left.
You knew the following spells:

 Your Spells              Type           Power      Damage    Failure   Level
a - Slow                  Hex            0%         N/A       45%         1

Your spell library contained the following spells:

 Spells                   Type           Power      Damage    Failure   Level
 Confusing Touch          Hex            0%         N/A       83%         3
 Vampiric Draining        Necr           0%         2d6       83%         3


Dungeon Overview and Level Annotations

Branches:
Dungeon (4/15)
 Temple: D:4-7

Altars:


Innate Abilities, Weirdness & Mutations

You have a pair of small horns on your head.
You are partially covered in sharp spines.
Your touch may inflict minor irresistible damage on your foes.


Message History

Found a trident.
You see here a +0 trident.
You start resting.
Something hits you!
* * * LOW HITPOINT WARNING * * *
Something barely misses you.
A vampire appears from thin air!
Reactivating autopickup.
As you read the scroll of teleportation, it crumbles to dust.
You feel strangely unstable. The vampire closely misses you.
The vampire barely misses you.
Your surroundings suddenly seem different.
An orc comes into view. It is wielding a +0 club.
You start resting.
An iguana comes into view.
An iguana is nearby!
Casting: Slow (safe; 45% risk of failure)
Confirm with . or Enter, or press ? or * to list all spells.
Aiming: Slow (safe; 45% risk of failure)
Press: ? - help, Shift-Dir - straight line, f - iguana
Aim: an iguana (wandering, hasn't noticed you, chance to affect: 41%)
You miscast Slow.
You are very lightly contaminated with residual magic.
Nothing appears to happen.
The iguana hisses angrily.
Unknown command.
Casting: Slow (safe; 45% risk of failure)
Confirm with . or Enter, or press ? or * to list all spells.
Aiming: Slow (safe; 45% risk of failure)
Press: ? - help, Shift-Dir - straight line, f/p - iguana
Aim: an iguana (chance to affect: 41%)
The iguana resists with some effort.
Casting: Slow (safe; 45% risk of failure)
Confirm with . or Enter, or press ? or * to list all spells.
Aiming: Slow (safe; 45% risk of failure)
Press: ? - help, Shift-Dir - straight line, f/p - iguana
Aim: an iguana (chance to affect: 41%)
You miscast Slow.
Nothing appears to happen.
You hit the iguana but do no damage. The iguana bites you!
You die...

######.#
#.l....#
#@######
#.# #.#
#.# #.#
#.#
....o...#
###.#####


You could see an iguana.

Vanquished Creatures
  An adder (D:3)
  2 worms
  2 dart slugs
  4 orcs
  6 endoplasms
  2 giant cockroaches
  5 goblins
  10 hobgoblins
  4 jackals (D:2)
  2 quokkas
  3 ball pythons
  6 bats
  6 frilled lizards
  7 kobolds
  9 rats
69 creatures vanquished.

Notes
Turn   | Place    | Note
-------+----------+-------------------------------------------
     0 | D:1      | gobodom the Demonspawn Gladiator began the quest for the
                  | Orb.
     0 | D:1      | Reached XP level 1. HP: 16/16 MP: 1/1
   163 | D:1      | Reached skill level 3 in Axes
   183 | D:1      | Discovered your monstrous ancestry.
   183 | D:1      | Gained mutation: You have a pair of small horns on your
                  | head. [demonic ancestry]
   183 | D:1      | Reached XP level 2. HP: 22/22 MP: 2/2
  1089 | D:2      | Gained mutation: You are partially covered in sharp spines.
                  | [demonic ancestry]
  1089 | D:2      | Reached XP level 3. HP: 27/27 MP: 3/3
  1921 | D:2      | Found a faded altar of an unknown god.
  2199 | D:2      | Learned a level 1 spell: Slow
  2214 | D:3      | Gained mutation: Your touch may inflict minor irresistible
                  | damage on your foes. [demonic ancestry]
  2214 | D:3      | Reached XP level 4. HP: 29/32 MP: 2/4
  2733 | D:3      | Reached skill level 4 in Axes
  2990 | D:4      | You fall into a shaft and drop 3 floors!
  2990 | D:7      | Noticed a vampire
  3085 | D:7      | Slain by an iguana

Illustrated notes

Levels and vault maps discovered:
D:1:      dpeg_arrival_shrine, layout_basic, minmay_surrounded
D:2:      layout_basic, chequers_ecumenical_altar_island,
          guppyfry_early_orc_mine
D:3:      layout_rooms, serial_curves, eino_curves_01, eino_curves_03,
          serial_park_tiny_pond, chequers_serial_rivers_small_b,
          minmay_misc_feat_secret_circle, hangedman_glass_teeth,
          hex_intersection
D:4:      layout_basic, nzn_hepliaklqana_mist_gate
D:7:      layout_loops_ring

Skill      XL: |  1  2  3  4 |
---------------+-------------+-----
Axes           | 3 4 |  4.0
Dodging        | 3 |  3.3
Fighting       | |  2.2
Throwing       | |  1.9
Armour         | |  0.8
Stealth        | |  0.2

Action                   |  1- 3 |  4- 6 || total
-------------------------+-------+-------++-------
Melee: War axe           |    95 |       ||    95
       Headbutt          |     7 |     2 ||     9
       Punch             |     1 |       ||     1
       Hand axe          |       |    26 ||    26
       Touch             |       |     4 ||     4
Throw: Throwing net      |     2 |       ||     2
 Cast: Slow              |       |     7 ||     7
  Use: Scroll            |     3 |     5 ||     8
       Potion            |     2 |     2 ||     4
Armor: Leather armour    |    21 |     8 ||    29
Dodge: Dodged            |    62 |    14 ||    76
